 Dungeon Crawl Stone Soup version 0.25-a0-294-gea9b1ad378 (webtiles) character file.

Game seed: 10206551488252655370, levelgen mode: deterministic

239 Redear the Shield-Bearer (level 6, -2/43 HPs)
             Began as an Octopode Fighter on Dec 18, 2019.
             Slain by a worker ant (6 damage)
             ... on level 4 of the Dungeon.
             The game lasted 00:03:09 (3164 turns).

Redear the Shield-Bearer (Octopode Fighter)         Turns: 3164, Time: 00:03:10

Health: -2/43      AC:  1    Str: 16    XL:     6   Next: 7%
Magic:  6/6        EV: 13    Int: 10    God:
Gold:   107        SH:  9    Dex: 16    Spells: 5/5 levels left

rFire    . . .     SeeInvis .   a - +0 long sword
rCold    . . .     Gourm    .   b - +0 shield
rNeg     . . .     Faith    .   (helmet restricted)
rPois    .         Spirit   .   (no amulet)
rElec    .         Reflect  .   k - +3 ring of dexterity
rCorr    .         Harm     .   (no ring)
MR       .....                  (no ring)
Stlth    ++++......             (no ring)
HPRegen  0.14/turn              (no ring)
MPRegen  0.10/turn              (no ring)
                                (no ring)
                                (no ring)

@: no status effects
A: almost no armour, stealthy swim, amphibious, 8 rings, constrict 8, camouflage
1, gelatinous body 1
a: no special abilities


You were on level 4 of the Dungeon.
You were not hungry.

You visited 1 branch of the dungeon, and saw 4 of its levels.

You collected 107 gold pieces.

Inventory:

Hand Weapons
 a - a +0 long sword (weapon)
 n - a +1 quarterstaff of speed
Missiles
 i - 17 poisoned darts (quivered)
Armour
 b - a +0 shield (worn)
Jewellery
 k - a +3 ring of dexterity (left tentacle)
Wands
 I - a wand of iceblast (7)
Scrolls
 h - a scroll of blinking {unknown}
 l - 3 scrolls of identify {unknown}
 m - 2 scrolls of remove curse {unknown}
Potions
 c - 2 potions of might {Str+5 DMG+1d10 | @q3}
 d - 2 potions of mutation {unknown}
 e - 2 potions of heal wounds {unknown}
 f - 2 potions of curing {unknown}
 g - a potion of magic {unknown}
 j - 2 potions of flight {unknown}
Comestibles
 o - a chunk of flesh
 z - 6 rations


   Skills:
 + Level 3.9 Fighting
 + Level 3.2 Long Blades
 + Level 3.9 Dodging
 + Level 3.4 Stealth
 + Level 3.9 Shields


You had 5 spell levels left.
You didn't know any spells.
Your spell library was empty.

Dungeon Overview and Level Annotations

Branches:
Dungeon (4/15)
 Temple: D:4-7

Altars:


Innate Abilities, Weirdness & Mutations

You cannot wear most types of armour.
You are very stealthy in the water. (Stealth+)
You are amphibious.
You can wear up to eight rings at the same time.
You can use your tentacles to constrict eight enemies at once.
Your skin changes colour to match your surroundings (Stealth+).
Your rubbery body absorbs attacks. (AC +1, EV +1)


Message History

The worker ant bites you. You block the worker ant's attack.
You take 4 damage, and have 16/43 hp.
You open the door. You block the worker ant's attack.
The worker ant misses you.
There is an open door here.
You closely miss the worker ant. You grab the worker ant.
You squeeze the worker ant, but do no damage.
You constrict the worker ant. You block the worker ant's attack.
You hit the worker ant.
The worker ant is lightly wounded.
You constrict the worker ant. The worker ant bites you.
* * * LOW HITPOINT WARNING * * *
You block the worker ant's attack.
You take 5 damage, and have 12/43 hp.
You hit the worker ant but do no damage.
The worker ant is heavily wounded.
You constrict the worker ant. The worker ant bites you!
* * * LOW HITPOINT WARNING * * *
The worker ant bites you.
You die...

...............#.....#
...............#..####
............#+##..#
............#.....#.....<#
............#.....#..)...#
..).........#.....#......#
............#.....#.....$#
........ #.....#......#
....... . #...@.#......#
...... ....##'##a#......#
#....?.a...# #.........†#
#..........+ #..........#
#..........# ##+####+#....
+.."..


You could see 2 worker ants.

Vanquished Creatures
  A bullfrog (D:4)
  Ijyb (D:4)
  4 adders
  4 gnolls (D:3)
  A shadow imp (D:3)
  2 worms
  4 leopard geckos
  5 orcs (D:3)
  2 giant cockroaches (D:2)
  4 goblins
  7 hobgoblins
  5 jackals
  4 kobolds
  9 bats
  2 frilled lizards
  3 rats
58 creatures vanquished.

Vanquished Creatures (others)
  4 toadstools (D:1)
4 creatures vanquished.

Grand Total: 62 creatures vanquished

Notes
Turn   | Place    | Note
-------+----------+-------------------------------------------
     0 | D:1      | Redear the Octopode Fighter began the quest for the Orb.
     0 | D:1      | Reached XP level 1. HP: 16/16 MP: 1/1
   278 | D:1      | Reached XP level 2. HP: 18/21 MP: 2/2
   372 | D:1      | Reached skill level 1 in Stealth
   750 | D:2      | Reached XP level 3. HP: 16/26 MP: 3/3
  1228 | D:2      | Reached skill level 2 in Stealth
  1764 | D:3      | Reached XP level 4. HP: 31/31 MP: 4/4
  2561 | D:3      | Reached XP level 5. HP: 30/36 MP: 5/5
  3103 | D:4      | Noticed Ijyb
  3111 | D:4      | Killed Ijyb
  3111 | D:4      | Reached skill level 3 in Long Blades
  3111 | D:4      | Reached skill level 3 in Stealth
  3157 | D:4      | Reached XP level 6. HP: 26/43 MP: 6/6
  3164 | D:4      | HP: 4/43 [worker ant (8)]
  3164 | D:4      | Slain by a worker ant

Levels and vault maps discovered:
D:1:      ldierk_walled_garden_2, layout_loops_ring, eino_curves_03
D:2:      layout_loops_corners
D:3:      layout_basic, kennysheep_path_1
D:4:      layout_gridville, uniq_ijyb

Skill      XL: |  1  2  3  4  5 |
---------------+----------------+-----
Stealth        | 1 2 3 |  3.4
Long Blades    | 3 |  3.2
Fighting       | |  3.9
Dodging        | |  3.9
Shields        | |  3.9

Action                   |  1- 3 |  4- 6 || total
-------------------------+-------+-------++-------
Melee: Long sword        |    56 |    55 ||   111
       Constrict         |    15 |    22 ||    37
       Tentacles         |    12 |    14 ||    26
 Stab: Sleeping          |     4 |     7 ||    11
  Eat: Chunk             |     1 |     6 ||     7
Armor: Skin              |     7 |     2 ||     9
Dodge: Dodged            |    18 |    31 ||    49
Block: Shield            |    27 |    36 ||    63
       Rpst.: Long sword |     5 |    14 ||    19

Table legend:
 A = Non-vault XP
 B = Vault XP
 C = Vault XP percentage of total XP
 D = Non-vault monster count
 E = Vault monster count
 F = Vault count percentage of total count
                 A         B        C        D         E       F
            +---------+---------+-------+---------+---------+-------
      Total |     306 |      36 |  10.5 |      57 |       1 |   1.7
            +---------+---------+-------+---------+---------+-------
        D:1 |      21 |       0 |   0.0 |      12 |       0 |   0.0
        D:2 |      57 |       0 |   0.0 |      18 |       0 |   0.0
        D:3 |     124 |       0 |   0.0 |      25 |       0 |   0.0
        D:4 |     104 |      36 |  25.7 |       2 |       1 |  33.3
            +---------+---------+-------+---------+---------+-------
